 Dungeon Crawl Stone Soup version 0.22-a0-429-g97ce8ef (webtiles) character file.

3696 emperorscorpion the Cleaver (level 9, 0/78 HPs)
             Began as a Yellow Draconian Berserker on May 25, 2018.
             Was a Priest of Trog.
             Slain by a basilisk (2 damage)
             ... on level 9 of the Dungeon.
             The game lasted 00:08:40 (5056 turns).

emperorscorpion the Cleaver (DrBe)                  Turns: 5056, Time: 00:08:41

Health: 0/78       AC:  8    Str: 25    XL:     9   Next: 90%
Magic:  9/9        EV:  2    Int:  7    God:    Trog [***...]
Gold:   315        SH:  0    Dex: 11    Spells: 8/8 levels left

rFire    . . .     SeeInvis .   a - +0 hand axe
rCold    . . .     Gourm    .   i - +1 shield
rNeg     + + +     Faith    .   (armour unavailable)
rPois    ∞         Spirit   .   (helmet restricted)
rElec    .         Reflect  .   (no cloak)
rCorr    +         Harm     .   m - +0 pair of gloves
MR       .....                  (no boots)
Stlth    ++........             (no amulet)
HPRegen  0.23/turn              j - +2 ring of strength
MPRegen  0.11/turn              (no ring)

@: petrified, berserk cooldown
A: spit acid, acid resistance, unfitting armour, cold-blooded, AC +7
a: Breathe Acid, Berserk, Trog's Hand, Renounce Religion


You were on level 9 of the Dungeon.
You worshipped Trog.
Trog was most pleased with you.
You were not hungry.

You visited 1 branch of the dungeon, and saw 9 of its levels.

You collected 315 gold pieces.

Inventory:

Hand Weapons
 a - a +0 hand axe (weapon)
 n - a +0 spear
 w - a +2 whip of electrocution
Missiles
 f - 27 poisoned needles
 x - 4 needles of frenzy
Armour
 i - a +1 shield (worn)
 m - a +0 pair of gloves (worn)
Jewellery
 j - a +2 ring of strength (left hand)
Wands
 k - a wand of random effects (29)
 s - a wand of polymorph (9)
 v - a wand of paralysis (24)
 B - a wand of iceblast (7)
Scrolls
 g - a scroll of magic mapping
 l - 2 scrolls of blinking
 o - 3 scrolls of identify
 u - a scroll of remove curse
Potions
 c - a potion of magic
 d - a potion of invisibility {unknown}
 e - a potion of resistance
 h - a potion of curing {unknown}
 p - 2 potions of berserk rage {unknown}
 q - a potion of heal wounds {unknown}
 r - a potion of brilliance {unknown}
 z - a potion of flight {unknown}
 A - a potion of agility {unknown}
Comestibles
 b - 9 rations


   Skills:
 + Level 6.7 Fighting
 + Level 9.9 Axes
 + Level 6.4 Dodging
 + Level 2.8 Stealth
 + Level 5.7 Shields


You had 8 spell levels left.
You didn't know any spells.
Your spell library was empty.

Dungeon Overview and Level Annotations

Branches:
Dungeon (9/15)             Temple (0/1) D:6            Lair (0/6) D:9
    Orc: D:9-12

Altars:
Gozag
Xom
Zin


Innate Abilities, Weirdness & Mutations

You can spit globs of acid.
You are resistant to acid.
Your golden yellow scales are hard. (AC +7)
You cannot fit into any form of body armour.
You are cold-blooded and may be slowed by cold attacks.


Message History

You closely miss the basilisk.
The basilisk is heavily wounded.
The basilisk barely misses you. x2; You have turned to stone.
The basilisk gazes at you. You resist with some effort.
The basilisk bites you. x2
* * * LOW HITPOINT WARNING * * *
The basilisk gazes at you. You resist with some effort. The basilisk bites you!
* * * LOW HITPOINT WARNING * * *
The basilisk bites you!
* * * LOW HITPOINT WARNING * * *
The basilisk bites you!
* * * LOW HITPOINT WARNING * * *
The basilisk bites you.
* * * LOW HITPOINT WARNING * * *
You feel yourself speed up. The basilisk bites you.
You die...

.P........
........
###.....##
+........#
#........#
#...<....+
#........#
####'##### #.l@.#
####'## #.....#
#.....# #####
#.....####..#
....##
#.....'....#
###..#
#.....######
##.#########.)...#
#.........'.....#


You could see a basilisk.

Vanquished Creatures
  A two-headed ogre (D:8)
  An elephant (D:9)
  Joseph (D:9)
  The ghost of Jynxie the Slasher, an amateur DsGl (D:4)
  Grinder (D:6)
  2 hippogriffs
  A black bear (D:8)
  An ice beast (D:2)
  3 sky beasts
  An ogre (D:5)
  2 centaurs
  A crocodile (D:9)
  A bullfrog (D:6)
  4 scorpions
  2 crimson imps
  3 hounds
  A jelly (D:5)
  2 orc priests
  An orc wizard (D:6)
  2 bullfrog skeletons
  6 worker ants
  A hound zombie (D:6)
  3 gnolls (D:8)
  6 adders
  A shadow imp (D:6)
  2 oozes
  An adder zombie (D:8)
  An adder skeleton (D:6)
  2 worms
  4 dart slugs
  3 leopard geckos
  5 orcs
  7 bats
  4 giant cockroaches
  5 hobgoblins
  8 jackals
  A ball python (D:1)
  5 frilled lizards
  5 goblins
  A hobgoblin zombie (D:6)
  7 kobolds
  3 kobold zombies (D:6)
  A leopard gecko skeleton (D:7)
  4 rats
118 creatures vanquished.

Notes
Turn   | Place    | Note
-------+----------+-------------------------------------------
     0 | D:1      | emperorscorpion the Draconian Berserker began the quest for the Orb.
     0 | D:1      | Reached XP level 1. HP: 19/19 MP: 1/1
   146 | D:1      | Reached XP level 2. HP: 13/26 MP: 2/2
  1080 | D:1      | Reached ** piety under Trog
  1221 | D:2      | Reached XP level 3. HP: 30/33 MP: 3/3
  1421 | D:2      | Noticed an ice beast
  1430 | D:2      | Killed an ice beast
  1430 | D:2      | Reached skill level 4 in Axes
  1430 | D:2      | Reached skill level 1 in Shields
  1430 | D:2      | Reached XP level 4. HP: 40/40 MP: 4/4
  1483 | D:2      | Reached XP level 5. HP: 43/46 MP: 5/5
  1614 | D:4      | Found a shimmering altar of Xom.
  1824 | D:4      | Reached skill level 5 in Axes
  1989 | D:4      | Reached XP level 6. HP: 47/52 MP: 6/6
  2374 | D:4      | Noticed Jynxie's ghost (amateur DsGl)
  2394 | D:4      | Killed Jynxie's ghost
  2394 | D:4      | Reached skill level 6 in Axes
  2394 | D:4      | Your scales start taking on a golden yellow colour.
  2394 | D:4      | Reached XP level 7. HP: 60/60 MP: 7/7
  2538 | D:5      | Entered Level 5 of the Dungeon
  2692 | D:5      | Reached skill level 5 in Fighting
  2876 | D:5      | Reached *** piety under Trog
  3023 | D:5      | Reached skill level 7 in Axes
  3158 | D:6      | Reached XP level 8. HP: 49/68 MP: 8/8
  3359 | D:6      | Reached skill level 1 in Stealth
  3366 | D:6      | Found a staircase to the Ecumenical Temple.
  3479 | D:6      | Noticed Grinder
  3491 | D:6      | Killed Grinder
  3491 | D:6      | Reached skill level 8 in Axes
  3656 | D:8      | Reached skill level 5 in Dodging
  3966 | D:8      | Noticed a hippogriff
  3978 | D:8      | Killed a hippogriff
  3978 | D:8      | Reached XP level 9. HP: 71/75 MP: 9/9
  4041 | D:8      | Noticed a two-headed ogre
  4048 | D:8      | Killed a two-headed ogre
  4048 | D:8      | Reached skill level 9 in Axes
  4048 | D:8      | Reached skill level 5 in Shields
  4131 | D:8      | Found an opulent altar of Gozag.
  4131 | D:8      | Found a glowing silver altar of Zin.
  4585 | D:9      | Noticed Joseph
  4594 | D:9      | Killed Joseph
  4992 | D:9      | Found a staircase to the Lair.
  4992 | D:9      | Noticed an elephant
  5018 | D:9      | Killed an elephant
  5055 | D:9      | HP: 2/78 [basilisk (2)]
  5056 | D:9      | Slain by a basilisk

Vault maps used:
D:1:      dpeg_arrival_signposts, moated_statue, hangedman_decor_peaks_small
D:2:      first_ration
D:3:      kennysheep_the_goblin_king, minmay_misc_feat_x,
          minmay_misc_feat_plants, kennysheep_cluttered_room,
          serial_bayou_pond_d, nemelex_lonely_heart_becter
D:4:      grunt_temple_overflow_magic_moments, xom_butterflies
D:5:      nicolae_overflow_hidden_temple, fedhas_altar_fruit_tree,
          minmay_crystal_room, uniq_menkaure
D:6:      minmay_temple_entry_junction_2, minmay_mini_ossuary, uniq_grinder
D:7:      kennysheep_mini_moat, basic_altar, cheibrodos_worm_habitat
D:8:      grunt_temple_overflow_gold_and_silver, sigmund_army
D:9:      nemelex_altar_shiori, david_lair_generic, uniq_joseph, uniq_grum

Skill      XL: |  1  2  3  4  5  6  7  8  9 |
---------------+----------------------------+-----
Dodging        | 3 4 5 6 |  6.4
Fighting       | 4 5 6 |  6.7
Axes           | 4 5 6 7 8 9 |  9.9
Shields        | 1 2 3 4 5 |  5.7
Stealth        | 1 2 |  2.8

Action                   |  1- 3 |  4- 6 |  7- 9 || total
-------------------------+-------+-------+-------++-------
Melee: Hand axe          |   118 |   121 |   224 ||   463
       Tailslap          |     8 |    19 |    42 ||    69
Invok: Berserk           |     2 |     2 |     8 ||    12
       Trog's Hand       |       |       |     1 ||     1
 Abil: Breathe Acid      |       |       |    14 ||    14
  Use: Scroll            |     1 |     6 |     4 ||    11
 Stab: Sleeping          |       |       |     2 ||     2
  Eat: Chunk             |     3 |     4 |    17 ||    24
       Ration            |       |       |     1 ||     1
Armor: Skin              |    37 |    29 |    60 ||   126
Dodge: Dodged            |    59 |    55 |    82 ||   196
Block: Shield            |    43 |    49 |   111 ||   203

Table legend:
 A = Spawn XP
 B = Non-spawn XP
 C = Spawn XP percentage of total XP
 D = Spawn monster count
 E = Non-spawn monster count
 F = Spawn count percentage of total count
 G = Total turns spent on level
                    A         B        C        D         E        F      G
               +---------+---------+-------+---------+---------+-------+---------
         Total |       0 |    5281 |   0.0 |       0 |     118 |   0.0 |  5056
               +---------+---------+-------+---------+---------+-------+---------
           D:1 |       0 |      36 |   0.0 |       0 |      24 |   0.0 |  1194
           D:2 |       0 |     161 |   0.0 |       0 |      16 |   0.0 |   333
           D:3 |       0 |      12 |   0.0 |       0 |       7 |   0.0 |   150
           D:4 |       0 |     593 |   0.0 |       0 |      17 |   0.0 |   861
           D:5 |       0 |     575 |   0.0 |       0 |      14 |   0.0 |   608
           D:6 |       0 |     803 |   0.0 |       0 |      19 |   0.0 |   431
           D:7 |       0 |      14 |   0.0 |       0 |       2 |   0.0 |   204
           D:8 |       0 |    1594 |   0.0 |       0 |      11 |   0.0 |   803
           D:9 |       0 |    1493 |   0.0 |       0 |       8 |   0.0 |   472
               +---------+---------+-------+---------+---------+-------+---------
